 Dungeon Crawl Stone Soup version 0.31-a0-18-gea43df2a32 (webtiles) character file.

Game seed: 17922498601808959834

22 BlueFish the Sneak (level 2, 0/39 HPs)
             Began as a Draconian Delver on May 13, 2023.
             Slain by a quokka (1 damage)
             ... on level 1 of the Dungeon.
             The game lasted 00:02:43 (480 turns).

BlueFish the Sneak (Draconian Delver)                Turns: 480, Time: 00:02:44

Health: 0/39       AC: 21    Str: 14    XL:     2   Next: 68%
Magic:  2/2        EV:  2    Int: 10    God:
Gold:   110        SH:  0    Dex: 12    Spells: 1/1 levels left

rFire   . . .        a - +0 short sword
rCold   . . .        (no shield)
rNeg    . . .        (body armour unavailable)
rPois   +            (helmet currently unavailable)
rElec   .            j - melded +0 cloak
rCorr   .            (gloves currently unavailable)
SInv    .            (boots currently unavailable)
Will    .....        (no amulet)
Stlth   +++          (no ring)
HPRegen 0.26/turn    (no ring)
MPRegen 0.08/turn

%: no passive effects
@: tree-form
A: stationary, stasis, torment immunity, boosted hp, AC +4, unfitting armour,
(cold-blooded)
a: no special abilities


You were on level 1 of the Dungeon.
You were a tree.
You visited 1 branch of the dungeon, and saw 5 of its levels.

You collected 110 gold pieces.

Inventory:

Hand Weapons
 a - a +0 short sword (weapon)
Armour
 j - a +0 cloak (melded)
Wands
 f - a wand of digging (3)
Scrolls
 b - a scroll of fog
 c - a scroll of magic mapping
 d - a scroll of fear
 e - a scroll of acquirement {unknown}
 h - 4 scrolls of identify {unknown}
Potions
 i - a potion of curing {unknown}


   Skills:
 + Level 3.5 Fighting
 + Level 2.2 Short Blades
 + Level 2.0 Dodging
 + Level 4.7 Stealth
 + Level 0.8 Evocations


You had one spell level left.
You didn't know any spells.
Your spell library contained the following spells:

 Spells                   Type           Power      Damage    Failure   Level
 Vhi's Electric Charge    Tloc/Air       0%         N/A       75%         3
 Alistair's Intoxication  Tmut/Pois      0%         N/A       100%        5
 Arcjolt                  Conj/Air       0%         1d10      100%        5
 Borgnjor's Vile Clutch   Necr/Erth      0%         N/A       100%        5
 Eringya's Noxious Bog    Tmut/Pois      0%         N/A       100%        6
 Maxwell's Capacitive Co  Air            0%         ∞         100%        8


Dungeon Overview and Level Annotations

Branches:
Dungeon (5/15)
 Temple: D:4-7

Altars:


Innate Abilities, Weirdness & Mutations

You are a tree.
Your roots penetrate the ground, keeping you stationary.
You cannot be teleported.
You are immune to unholy pain and torment.
Your maximum health is greatly increased.
Your equipment is partially melded.
((Your plain brown scales are hard. (AC +4)))
You cannot fit into any form of body armour.
((You are cold-blooded and may be slowed by cold attacks.))


Message History

The jackal is heavily wounded.
The quokka bites you but does no damage.
The jackal bites you but does no damage. x2
You miss the jackal.
The jackal is heavily wounded.
The quokka bites you but does no damage.
The jackal bites you but does no damage. x2
The quokka bites you but does no damage.
You barely miss the jackal.
The jackal is heavily wounded.
The jackal bites you but does no damage. x4
The quokka bites you but does no damage.
You closely miss the jackal.
The jackal is heavily wounded.
The jackal bites you.
* * * LOW HITPOINT WARNING * * *
The jackal bites you but does no damage.
The quokka bites you but does no damage.
You completely miss the jackal.
The jackal is heavily wounded.
The jackal bites you but does no damage.
The jackal bites you.
* * * LOW HITPOINT WARNING * * *
The quokka bites you but does no damage.
You hit the jackal.
You kill the jackal!
The jackal bites you but does no damage.
The quokka bites you but does no damage.
The jackal bites you.
* * * LOW HITPOINT WARNING * * *
You barely miss the jackal. The jackal barely misses you.
The quokka bites you but does no damage.
You closely miss the jackal.
The jackal bites you but does no damage.
The quokka bites you.
* * * LOW HITPOINT WARNING * * *
You barely miss the jackal.
The jackal bites you but does no damage.
The quokka bites you.
You die...

#.......#####.#......
#.................... ##
#.......#####.#......
#..#..##.#.# #...#......
#...†.##.#.# #...# #+###
#........#.###...###.###
.........?........|...>..#
###.##.######rh........#.#
... #.. #♣................
#.# #.# #.....####.#.#####
.. ... #.....# #.#.# ..
#..........# #
#).........# #...........
####.......# ..#..


You could see a quokka and a jackal.

Vanquished Creatures
  A ball python (D:3)
  A bat (D:2)
  2 endoplasms
  A giant cockroach (D:1)
  5 goblins
  A jackal (D:1)
  A quokka (D:3)
  A frilled lizard (D:1)
  4 kobolds
17 creatures vanquished.

Notes
Turn   | Place    | Note
-------+----------+-------------------------------------------
     0 | D:5      | BlueFish the Draconian Delver began the quest for the Orb.
     0 | D:5      | Reached XP level 1. HP: 19/19 MP: 1/1
    16 | D:4      | Noticed an iguana
   104 | D:4      | Noticed a jelly
   132 | D:4      | Noticed an orc wizard
   328 | D:2      | Reached XP level 2. HP: 26/26 MP: 2/2
   479 | D:1      | HP: 1/39 [quokka (1)]
   480 | D:1      | Slain by a quokka

Illustrated notes

Levels and vault maps discovered:
D:1:      scummos_arrival_star, layout_basic
D:2:      minmay_inner_zag, layout_loops_cross
D:3:      minmay_chambers_of_threes, layout_rooms,
          nicolae_overflow_two_pavilions
D:4:      layout_basic
D:5:      layout_gridville, mainiacjoe_overflow_catch_the_wave,
          minmay_temple_entry_antechambers, nicolae_specific_store,
          item_on_display_b, uniq_edmund

Skill      XL: |  1  2 |
---------------+-------+-----
Dodging        | 2 |  2.0
Fighting       | |  3.5
Short Blades   | |  2.2
Stealth        | |  4.7
Evocations     | |  0.8

Action                     || total
---------------------------++-------
  Melee: Short sword       ||    72
         Tailslap          ||     1
    Use: Potion            ||     2
   Stab: Sleeping          ||     1
 Armour: Skin              ||    51
  Dodge: Dodged            ||    49

Table legend: (Time is in decaauts)
 A = Elapsed time spent in this place.
 B = Non-inter-level travel time spent in this place.
 C = Inter-level travel time spent in this place.
 D = Time resting spent in this place.
 E = Time spent auto-exploring this place.
 F = Levels seen in this place.
 G = Mean time per level.
                   A        B        C        D        E       F      G
               +--------+--------+--------+--------+--------+-----+--------+
         Total |    453 |    453 |      0 |      0 |      1 |   5 |   90.6 |
       Dungeon |    453 |    453 |      0 |      0 |      1 |   5 |   90.6 |
               +--------+--------+--------+--------+--------+-----+--------+

Top non-repeatable levels by time:
     D:4: 149 daAuts
     D:3: 146 daAuts
     D:2: 95 daAuts
     D:1: 58 daAuts
     D:5: 3 daAuts
